 Dungeon Crawl Stone Soup version 0.28-a0-589-g333b8329f1 (webtiles) character file.

Game seed: 2892536017948814687

1 ytrimaz the Skirmisher (level 1, 0/18 HPs)
             Began as a Demonspawn Abyssal Knight on Oct 4, 2021.
             Was an Initiate of Lugonu.
             Slain by a rat (1 damage)
             ... on level 1 of the Dungeon.
             The game lasted 00:00:31 (167 turns).

ytrimaz the Skirmisher (Demonspawn Abyssal Knight)   Turns: 167, Time: 00:00:31

Health: 0/18       AC:  3    Str: 13    XL:     1   Next: 16%
Magic:  2/2        EV: 11    Int: 11    God:    Lugonu [......]
Gold:   17         SH:  0    Dex: 13    Spells: 0/0 levels left

rFire   . . .      SeeInvis .     - Unarmed
rCold   . . .      Faith    .   (no shield)
rNeg    . . .      Spirit   .   a - +0 leather armour
rPois   .          Reflect  .   (no helmet)
rElec   .          Harm     .   (no cloak)
rCorr   .          Rampage  .   (no gloves)
Will    .....                   (no boots)
Stlth   +.........              (no amulet)
HPRegen 0.06/turn               (no ring)
MPRegen 0.08/turn               (no ring)

@: no status effects
A: no striking features
a: Renounce Religion


You were on level 1 of the Dungeon.
You worshipped Lugonu.
Lugonu was noncommittal.
You visited 1 branch of the dungeon, and saw 1 of its levels.
You visited the Abyss 1 time.

You collected 17 gold pieces.

Inventory:

Armour
 a - a +0 leather armour (worn)
Scrolls
 b - a scroll of amnesia {unknown}


   Skills:
 * Level 3.0 Fighting
 + Level 1.7 Armour
 - Level 0.8 Dodging
 + Level 1.7 Unarmed Combat
 + Level 2.4 Invocations


You couldn't memorise any spells.
You didn't know any spells.
Your spell library was empty.

Dungeon Overview and Level Annotations

Branches:
Dungeon (1/15)

Altars:


Message History

There is an open door here.
Magic restored.
You now have 17 gold pieces.
You open the door.
Found 21 stones.
There is an open door here.
There is an open door here.
You open the door.
There is an open door here.
There is an open door here.
You open the door.
There is an open door here.
There is an open door here.
Found a hand axe.
An endoplasm comes into view.
Found a stone staircase leading down.
The endoplasm quivers.
The endoplasm moves out of view.
A rat and a goblin come into view.
A ball python comes into view.
Found a dented diamond amulet.
The goblin shouts!
The ball python hisses angrily.
The endoplasm freezes you.
You are frozen.
The rat bites you but does no damage. The endoplasm freezes you.
You are frozen.
The rat bites you.
You completely miss the endoplasm. The endoplasm closely misses you.
The rat closely misses you.
You hit the endoplasm.
The endoplasm is heavily wounded.
The endoplasm freezes you.
You are frozen.
* * * LOW HITPOINT WARNING * * *
You hit the endoplasm.
You kill the endoplasm!
Lugonu accepts your kill.
You barely miss the rat. The ball python bites you.
* * * LOW HITPOINT WARNING * * *
The ball python barely misses you. The rat bites you.
You die...

#....... #.....# #
.......### ###.### ..
........#### #'#
#..##..##.....######.#####
........#..##.............
.......)...#######.#######
".....S..g.# ####.#######
....>g..#r.# #..#.#..##..
........#@.# ##.#'#.####.
........S### #.....# ##
......... ####### #
........## #..##..## ##.
###


You could see a goblin, a ball python and a rat.

Vanquished Creatures
  An endoplasm (D:1)
1 creature vanquished.

Notes
Turn   | Place    | Note
-------+----------+-------------------------------------------
     0 | Abyss:1  | ytrimaz the Demonspawn Abyssal Knight began the quest for
                  | the Orb.
     0 | Abyss:1  | Reached XP level 1. HP: 18/18 MP: 2/2
    74 | Abyss:1  | Noticed a wraith
    75 | D:1      | Escaped the Abyss
   167 | D:1      | Slain by a rat

Illustrated notes

Levels and vault maps discovered:
D:1:      dpeg_arrival_renting, layout_basic, st_stairs_5

Action                   || total
-------------------------++-------
Melee: Unarmed           ||     4
Invok: Depart the Abyss  ||     1
Armor: Leather armour    ||     1
Dodge: Dodged            ||     3

Table legend: (Time is in decaauts)
 A = Elapsed time spent in this place.
 B = Non-inter-level travel time spent in this place.
 C = Inter-level travel time spent in this place.
 D = Time resting spent in this place.
 E = Time spent auto-exploring this place.
 F = Levels seen in this place.
 G = Mean time per level.
                   A        B        C        D        E       F      G
               +--------+--------+--------+--------+--------+-----+--------+
         Total |    166 |    166 |      0 |      0 |    136 |   2 |   83.0 |
       Dungeon |     91 |     91 |      0 |      0 |     72 |   1 |   91.0 |
         Abyss |     75 |     75 |      0 |      0 |     64 |   1 |   75.0 |
               +--------+--------+--------+--------+--------+-----+--------+

Top non-repeatable levels by time:
     D:1: 91 daAuts
 Abyss:1: 75 daAuts
